cohdb
Replays
Latest Replays
All Replays
Popular Replays
Top Player Replays
Match Explorer
How It Works
Community
CoH3 Stats
Reddit
Sign in to upload your games and track your stats! →
Sign in with Steam
Match 42384704
Unlisted
Match 42384704
Overview
Messages
Build Orders
End
Engineer Squad
Construct Barracks
Riflemen Squad
Riflemen Squad
Riflemen Squad
Grenade Package
Mechanized Support Center
Construct Medical Station
Riflemen Squad
Construct Motor Pool
Selects Airborne Battlegroup
Selects Heavy Machine Gun Paradrop
Selects Paratrooper Squad Paradrop
Selects Anti-tank Gun Team Paradrop
Anti-tank Gun Team Paradrop
M3 75 mm Gun Motor Carriage
Heavy Machine Gun Paradrop
Heavy Machine Gun Paradrop
Riflemen Squad
M3 75 mm Gun Motor Carriage
XuZhongwei
본부중대장
0
0
Comments
sign in to comment!
No comments posted yet!